 Dungeon Crawl Stone Soup version 0.26-a0-835-g8259106e14 (webtiles) character file.

Game seed: 16456287140767965576

345 iamoutofideas the Ruffian (level 6, -2/55 HPs)
             Began as a Troll Hunter on Nov 17, 2020.
             Killed by divine providence
             ... invoked by an orc priest
              (15 damage)
             ... on level 3 of the Dungeon.
             The game lasted 00:03:12 (2662 turns).

iamoutofideas the Ruffian (Troll Hunter)            Turns: 2662, Time: 00:03:13

Health: -2/55      AC:  6    Str: 23    XL:     6   Next: 32%
Magic:  5/5        EV: 10    Int:  7    God:
Gold:   186        SH:  0    Dex: 10    Spells: 5/5 levels left

rFire    x . .     SeeInvis .     - Unarmed
rCold    + . .     Faith    .   (no shield)
rNeg     . . .     Spirit   .   b - +0 robe
rPois    .         Reflect  .   (helmet restricted)
rElec    .         Harm     .   (no cloak)
rCorr    .         Rampage  .   (gloves unavailable)
MR       .....                  (boots unavailable)
Stlth    +.........             (no amulet)
HPRegen  0.58/turn              (no ring)
MPRegen  0.09/turn              r - ring of ice

@: confused
A: large, unfitting armour, claws 3, regeneration 1, shaggy fur 1, tough skin 3
a: no special abilities


You were on level 3 of the Dungeon.
You visited 1 branch of the dungeon, and saw 4 of its levels.

You collected 186 gold pieces.

Inventory:

Missiles
 a - 101 stones
 c - 5 large rocks (quivered)
 d - 3 throwing nets
Armour
 b - a +0 robe (worn)
Jewellery
 r - a ring of ice (right claw)
 y - an uncursed ring of see invisible {unknown}
Scrolls
 e - a scroll of identify
 f - a scroll of immolation {unknown}
 g - 3 scrolls of remove curse
 i - 4 scrolls of teleportation {unknown}
 j - a scroll of enchant weapon {unknown}
 l - 4 scrolls of blinking {unknown}
 n - 3 scrolls of fear {unknown}
 o - a scroll of magic mapping {unknown}
 p - 3 scrolls of enchant armour {unknown}
 v - a scroll of noise {unknown}
Potions
 h - a potion of brilliance {unknown}
 k - 2 potions of lignification {unknown}
 m - a potion of curing {unknown}
 q - a potion of ambrosia
 s - 2 potions of degeneration {unknown}
 t - a potion of attraction {unknown}
 u - a potion of magic
 w - a potion of flight {unknown}
 x - a potion of heal wounds {unknown}


   Skills:
 - Level 1.5 Fighting
 - Level 3.6 Throwing
 - Level 1.5 Dodging
 - Level 0.3 Stealth
 + Level 6.3 Unarmed Combat


You had 5 spell levels left.
You didn't know any spells.
Your spell library was empty.

Dungeon Overview and Level Annotations

Branches:
Dungeon (4/15)
 Temple: D:4-7

Altars:


Innate Abilities, Weirdness & Mutations

You are too large for most types of armour.
You have claws for hands.
Your natural rate of healing is unusually fast.
You are covered in fur. (AC +1)
You have extremely tough skin. (AC +3)


Message History

You bump into the rock wall.
The orc hits you with a cursed +0 flail.
* * * LOW HITPOINT WARNING * * *
You claw the orc!
You kill the orc!
The orc priest looks encouraged for a moment.
The orc hits you but does no damage.
You claw the orc!
You kill the orc!
The orc priest invokes the aid of Beogh against you.
Beogh smites you!
* * * LOW HITPOINT WARNING * * *
The orc priest begins to cast a cantrip, but forgets the words!
The orc barely misses you.
Things that are here:
a +0 flail; a +0 scale mail You completely miss the orc.
The orc priest mumbles some strange prayers to Beogh against you.
Beogh smites you!
You die...

....##.####......(........#.....#
#####.#######....................
# #.##..# ##.>..........####...
## #..†#######..............'...
.## ##...#†..##...........####...
..# #.##.#####...........# #...
..####.###†## #.....[.....# ##...
...##.###...# #oo.........# #....
#.)#†.# ##..###.@.........# #....
##.†.## #####............# #....
####.########.............# #....
.####.##...##.............###....
..# ##....###....................
..## ##....##...........).....###
...# #....###.........)....<..#
...###...###..................#
..###.#### ###.#+###..........#


You could see an orc priest and an orc.

Vanquished Creatures
  A vampire bat (D:3)
  2 orc priests (D:3)
  4 gnolls (D:3)
  3 adders
  An ooze (D:2)
  A worm (D:2)
  3 fire bats (D:3)
  3 leopard geckos (D:2)
  6 orcs (D:3)
  2 spectral bats (D:3)
  A bat simulacrum (D:3)
  3 bat skeletons (D:3)
  A bat zombie (D:3)
  3 giant cockroaches
  12 goblins
  7 hobgoblins
  7 jackals
  A quokka (D:2)
  16 bats
  8 frilled lizards
  6 kobolds
  8 rats
99 creatures vanquished.

Notes
Turn   | Place    | Note
-------+----------+-------------------------------------------
     0 | D:1      | iamoutofideas the Troll Hunter began the quest for the Orb.
     0 | D:1      | Reached XP level 1. HP: 19/19 MP: 0/0
    31 | D:1      | Reached skill level 1 in Unarmed Combat
    90 | D:1      | Reached XP level 2. HP: 27/27 MP: 1/1
   209 | D:1      | Reached skill level 2 in Unarmed Combat
   504 | D:1      | Reached XP level 3. HP: 33/33 MP: 2/2
   866 | D:2      | Reached skill level 3 in Unarmed Combat
   984 | D:2      | Upgraded the game from 0.26-a0-834-g69557b85cc to
                  | 0.26-a0-835-g8259106e14
  1341 | D:2      | Reached XP level 4. HP: 41/41 MP: 3/3
  1623 | D:3      | Reached skill level 4 in Unarmed Combat
  2022 | D:3      | Reached skill level 5 in Unarmed Combat
  2022 | D:3      | Reached XP level 5. HP: 48/48 MP: 4/4
  2173 | D:3      | Reached XP level 6. HP: 55/55 MP: 5/5
  2286 | D:3      | Reached skill level 6 in Unarmed Combat
  2662 | D:3      | Killed from afar by an orc priest

Illustrated notes

Levels and vault maps discovered:
D:1:      minmay_arrival_hallway, layout_loops_ring, minmay_hedge_maze
D:2:      layout_loops_ring
D:3:      layout_basic, chequers_serial_rivers_micro_c, grunt_ministairs_9,
          minmay_misc_feat_enclosed, goddamned_bats
D:4:      layout_loops_ring, nicolae_overflow_crystal_walls,
          minmay_temple_entry_steel_oval, chequers_serial_rivers_small_a

Skill      XL: |  1  2  3  4  5  6 |
---------------+-------------------+-----
Unarmed Combat | 1 2 3 5 6 |  6.3
Fighting       | |  1.5
Throwing       | |  3.6
Dodging        | |  1.5
Stealth        | |  0.3

Action                   |  1- 3 |  4- 6 || total
-------------------------+-------+-------++-------
Melee: Unarmed           |   136 |   155 ||   291
       Short sword       |     1 |       ||     1
       Punch             |       |     1 ||     1
  Use: Scroll            |     2 |       ||     2
       Potion            |       |     2 ||     2
 Stab: Sleeping          |     1 |       ||     1
Armor: Robe              |    56 |   111 ||   167
Dodge: Dodged            |    65 |   123 ||   188

Table legend: (Time is in decaauts)
 A = Elapsed time spent in this place.
 B = Non-inter-level travel time spent in this place.
 C = Inter-level travel time spent in this place.
 D = Time resting spent in this place.
 E = Time spent auto-exploring this place.
 F = Levels seen in this place.
 G = Mean time per level.
                   A        B        C        D        E       F      G
               +--------+--------+--------+--------+--------+-----+--------+
         Total |   2640 |   2541 |     99 |    131 |   1859 |   4 |  660.0 |
       Dungeon |   2640 |   2541 |     99 |    131 |   1859 |   4 |  660.0 |
               +--------+--------+--------+--------+--------+-----+--------+

Top non-repeatable levels by time:
     D:3: 953 daAuts
     D:2: 867 daAuts
     D:1: 814 daAuts
     D:4: 4 daAuts
